[Event "*** Titled Tuesday Blitz"]
[Site "Chess.com"]
[Date "2021.02.09"]
[Round "8"]
[White "KyronGriffith"]
[Black "Astaneh"]
[Result "1/2-1/2"]
[WhiteElo "2527"]
[BlackElo "2647"]
[TimeControl "180+1"]
[EndTime "11:30:09 PST"]
[Termination "Game drawn by stalemate"]

1. e4 c6 2. d4 d5 3. e5 c5 4.
dxc5 Nc6 5. a3 Nxe5 6. b4 g6 7. Bb2 Bg7 8. Qc1 d4 9. Nd2 Nh6 10. Ngf3 Nxf3+ 11. Nxf3 O-O 12. Bc4 Bg4 13. Nd2 Qd7 14.
O-O Rac8 15. Re1 b6 16. Nb3 e5 17. h3 Bf5 18. a4 Rfd8 19. Bb5 Qd5 20. a5 bxc5 21. Nxc5 Rb8 22. Bf1 Rxb4 23. Ba3 Qxc5 24. Qd2 Bf8 25. Rab1 Rdb8 26. Rxb4 Rxb4 27. Rb1 Qxc2 28.
Qxc2 Bxc2 29. Rxb4 Bxb4 30. Bxb4 Nf5 31. f3 Ne3 32.
Bb5 Nd5 33. Bd2 Nc3 34. Bc4 Ba4 35. Kf2 Bb5 36. Bb3 a6 37. g4 e4 38. fxe4 Nxe4+ 39.
Ke1 Nxd2 40. Kxd2 Kg7 41. h4 Kf6 42. g5+ Kf5 43. Bxf7 Kg4 44. Bg8 Be8 45. Kd3 Kxh4 46. Kxd4 Kxg5 47. Bxh7 Bf7 48. Kc5 Kh6 49. Bxg6 Kxg6 50.
Kb4 Kf5 51. Ka3 Ke4 52. Kb2 Kd3 53. Ka1 Kc3 54. Kb1 Kb3 55. Ka1 Ka3 56. Kb1 Be6 57.
Ka1 Bd5 58. Kb1 Bc6 59. Ka1 Bb5 60. Kb1 Ba4 61. Ka1 Bb3 62. Kb1 Kb4 63. Ka1 Bc4 64.
Kb1 Bb5 65. Ka1 Kc5 66. Kb1 Kc6 67. Ka1 Bc4 68. Kb1 Bd5 69. Ka1 Kb5 70. Kb1 Kxa5 71. Ka1 Kb4 72. Kb1 Kb3 73. Ka1 Ka3 74. Kb1 Bb3 75. Ka1 Ba2 1/2-1/2

[Event "*** Titled Tuesday Blitz"]
[Site "Chess.com"]
[Date "2021.02.09"]
[Round "8"]
[White "eljanov"]
[Black "GregShahade"]
[Result "0-1"]
[WhiteElo "2893"]
[BlackElo "2701"]
[TimeControl "180+1"]
[EndTime "11:30:10 PST"]
[Termination "GregShahade won by resignation"]

1. e4 e5 2. Nf3 Nc6 3. Bc4 Nf6 4.
d3 Bc5 5. c3 a6 6. O-O Ba7 7. Re1 d6 8. a4 O-O 9. h3 h6 10. Nbd2 Re8 11. b4 Be6 12. Bxe6 Rxe6 13. Qc2 Qd7 14. Nf1 d5 15. Be3 Bxe3 16. Nxe3 Ne7 17.
a5 Re8 18. Rad1 Ng6 19. c4 d4 20. Nf5 Ne7 21. N3h4 Nxf5 22. Nxf5 Kh7 23. Qd2 Ng8 24. f4 Ne7 25. Nxe7 R6xe7 26. f5 f6 27. Rb1 c6 28. Qe2 Rc8 29. Rb2 Qe8 30. Qg4 Rec7 31.
Kh2 Qf7 32. Reb1 Ra8 33. h4 Re7 34. h5 Rc7 35. b5 axb5 36. cxb5 c5 37. Ra1 Re7 38.
Rc2 Rc7 39. Qg6+ Qxg6 40. fxg6+ Kg8 41. Kg3 Kf8 42. Kg4 Ke7 43. Kf5 Kd6 44. Rc4 Rcc8 45. Rca4 Rc7 46. a6 b6 47. a7 Rb7 48. Ra6 Ke7 49.
Kg4 Ke6 50. Kf3 Kd6 51. Ke2 c4 52. dxc4 Kc5 53. Kd3 Rc7 54. R1a4 Rb7 55. Kc2 Rc7 56. Kb3 Rd7 57. Ra2 Re7 58. Rd2 Rexa7 59. Rda2 Rxa6 60.
bxa6 Ra7 61. g3 f5 62. exf5 e4 63. g4 e3 64. g5 d3 65. Kc3 d2 66. Kc2 Kxc4 67.
gxh6 gxh6 68. f6 Rd7 69. Ra4+ Kb5 70. Ra1 e2 71. Rd1 e1=Q 72. g7 Rc7+ 73. Kb2 Qxd1 0-1

[Event "*** Titled Tuesday Blitz"]
[Site "Chess.com"]
[Date "2021.02.09"]
[Round "8"]
[White "ljuks68"]
[Black "paulrusan"]
[Result "1-0"]
[WhiteElo "2381"]
[BlackElo "2237"]
[TimeControl "180+1"]
[EndTime "11:30:10 PST"]
[Termination "ljuks68 won on time"]

1. e4 c5 2. Nf3 Nc6 3. d4 cxd4 4.
Nxd4 e5 5. Nb5 d6 6. N1c3 a6 7.
Na3 b5 8. Nd5 Nf6 9. Bg5 Be7 10.
Bxf6 Bxf6 11. c4 Bg5 12. cxb5 Nd4 13. b6 O-O 14. Bd3 Bb7 15. Nc4 f5 16. O-O Rc8 17. f3 Bxd5 18. exd5 Rxc4 19. Bxc4 Qxb6 20. Kh1 Be3 21.
b3 f4 22. Bd3 Rc8 23. Be4 a5 24. Qd3 h6 25. Rab1 Rc7 26. a3 g5 27. b4 a4 28.
Bf5 Kg7 29. b5 Rf7 30. Be4 Rc7 31. Rb4 Nb3 32. Bh7 Kh8 33. Rxa4 Rxh7 34. Qxb3 Rc7 35. Rc4 Rc5 36. Rxc5 Bxc5 37. a4 Qa5 38. Rb1 Bb6 39. Qc4 Qd2 40. h3 Kg7 41. Qe4 h5 42. Qf5 g4 43.
hxg4 hxg4 44. Qxg4+ Kf6 45. Qh4+ Kg6 46. Qg4+ Kf6 47.
Qe6+ Kg5 48. Qe7+ Kg6 49. Qxd6+ Kg5 50. Qxb6 e4 51. Qg1 e3 52. b6 e2 53. b7 e1=Q 54.
Rxe1 Qxd5 55. b8=Q 1-0

[Event "*** Titled Tuesday Blitz"]
[Site "Chess.com"]
[Date "2021.02.09"]
[Round "8"]
[White "ENajer77"]
[Black "kirillshevchenko"]
[Result "0-1"]
[WhiteElo "2626"]
[BlackElo "2812"]
[TimeControl "180+1"]
[EndTime "11:30:12 PST"]
[Termination "kirillshevchenko won by resignation"]

1. d4 Nf6 2. c4 e6 3. Nf3 b6 4. Bf4 Bb4+ 5. Nfd2 Bb7 6. a3 Be7 7. Nc3 Nh5 8. e3 Nxf4 9. exf4 O-O 10. Nf3 c5 11. d5 Bf6 12. Rc1 Bxc3+ 13. Rxc3 Qf6 14. Qd2 Re8 15. Be2 exd5 16. cxd5 d6 17. O-O Na6 18. Bb5 Re7 19. Re3 Rxe3 20. fxe3 Nc7 21. Bc6 Bxc6 22.
dxc6 d5 23. Ne5 Qe6 24. e4 d4 25. Qd3 f6 26. Nf3 Qxc6 27. f5 Qb5 28. Qd2 Re8 29. Re1 Qb3 30. h3 Nb5 31. e5 fxe5 32. Nxe5 Nd6 33.
Qf4 Nf7 34. f6 Nxe5 35. Rxe5 Rxe5 36. Qxe5 gxf6 37. Qxf6 Qe3+ 38. Kh1 d3 39. Qd8+ Kf7 40. Qd7+ Kf6 41. Qd6+ Kg5 42. Qd8+ Kf5 43. Qd5+ Kf4 44. Qd6+ Ke4 45. Qe6+ Kd4 46. Qd6+ Kc4 47. Qd7 d2 48. Qa4+ Kd3 49. Qd7+ Ke2 50. Qg4+ Ke1 51. Qh4+ Kd1 52.
Kh2 Kc1 53. Qa4 d1=Q 54. Qc4+ Qc2 55. Qf1+ Kxb2 0-1

[Event "*** Titled Tuesday Blitz"]
[Site "Chess.com"]
[Date "2021.02.09"]
[Round "8"]
[White "Skat2704"]
[Black "Vincent_Vega95"]
[Result "0-1"]
[WhiteElo "2533"]
[BlackElo "2731"]
[TimeControl "180+1"]
[EndTime "11:30:12 PST"]
[Termination "Vincent_Vega95 won by resignation"]

1. d4 Nf6 2. c4 g6 3. Nc3 Bg7 4. e4 d6 5. Nf3 O-O 6. Be2 e5 7. dxe5 dxe5 8. Qxd8 Rxd8 9. Bg5 Re8 10. O-O c6 11. Nd2 Na6 12. f3 Nh5 13. Rfd1 Nf4 14.
Bxf4 exf4 15. Nb3 f5 16. Bd3 Nc7 17. exf5 gxf5 18. Na5 Bd4+ 19. Kf1 Bb6 20. Nb3 Be3 21. Ne2 Kf7 22. Nbd4 Kf6 23. Nc2 Ne6 24. g3 b6 25.
gxf4 Bxf4 26. Ncd4 Bxh2 27. Nxe6 Bxe6 28. Nd4 Bd7 29.
Kg2 Be5 30. Ne2 Rg8+ 31. Kf2 Bxb2 32. Rab1 Ba3 33. Rh1 Bc5+ 34. Ke1 Rg7 35. Kd2 Re8 36. Rh6+ Kf7 37. Rh3 Be3+ 38. Kc2 h6 39. Rbh1 Rg2 40. Rh5 c5 41. Kd1 Ba4+ 42. Ke1 Rd8 43. Rxf5+ Kg7 44. Rd5 Rxd5 45. cxd5 Bd7 46. Be4 c4 47. d6 b5 48. a3 a5 49. Nc3 b4 50. axb4 axb4 51. Nd5 Bc5 52. Kf1 Rf2+ 53. Ke1 Ra2 54.
Rg1+ Bxg1 55. Nxb4 Rh2 56. Bc6 Bc5 57. Bxd7 Bxb4+ 0-1

[Event "*** Titled Tuesday Blitz"]
[Site "Chess.com"]
[Date "2021.02.09"]
[Round "8"]
[White "AurumO"]
[Black "Piccadilly123"]
[Result "0-1"]
[WhiteElo "1904"]
[BlackElo "2183"]
[TimeControl "180+1"]
[EndTime "11:30:12 PST"]
[Termination "Piccadilly123 won on time"]

1. e4 e6 2. d4 d5 3. Nd2 c5 4. exd5 exd5 5. c3 Nc6 6. dxc5 Bxc5 7. Nb3 Bb6 8. Nf3 Nf6 9. h3 Ne4 10. Nbd4 O-O 11. Bd3 Re8 12. O-O a6 13. Be3 Bc7 14. Nxc6 bxc6 15. Bxe4 dxe4 16. Qxd8 Rxd8 17. Nd4 Bb7 18.
Rfd1 g6 19. Nb3 Rd5 20. Rxd5 cxd5 21. Bd4 a5 22. Nc5 Bc6 23. Rd1 f5 24. g3 Kf7 25. h4 Bd6 26. Be3 Rb8 27. Rd2 Be5 28. Nb3 a4 29. Nd4 Bd7 30. a3 Kg7 31. Kh2 h6 32. Kg2 Bf6 33. Nc2 Be6 34. Nb4 Rb5 35. Nc6 Bf7 36. Nd4 Rb7 37. Nc6 g5 38. hxg5 hxg5 39.
Bd4 Kg6 40. Bxf6 Kxf6 41. Nb4 Ke5 42. Nc6+ Kd6 43. Nd4 Be6 44. Nxe6 Kxe6 45. Kf1 Ke5 46. Ke2 f4 47. gxf4+ gxf4 48. f3 e3 49. Rc2 Rh7 50. Kd3 Rh1 51. c4 Rd1+ 52. Ke2 Rh1 53. cxd5 Rh2+ 54.
Kd3 Rxc2 55. Kxc2 Kxd5 56. Kd3 Kc5 57. Kc2 Kc4 0-1

[Event "*** Titled Tuesday Blitz"]
[Site "Chess.com"]
[Date "2021.02.09"]
[Round "8"]
[White "Anna_ChessMate"]
[Black "GoltsevDmitry2000"]
[Result "0-1"]
[WhiteElo "2572"]
[BlackElo "2732"]
[TimeControl "180+1"]
[EndTime "11:30:13 PST"]
[Termination "GoltsevDmitry2000 won by resignation"]

1. d4 Nf6 2. c4 e6 3. Nf3 Bb4+ 4. Bd2 Qe7 5. g3 Nc6 6. Bg2 Bxd2+ 7. Nbxd2 d6 8. O-O O-O 9. e4 e5 10. d5 Nb8 11. b4 a5 12. a3 Na6 13. Rb1 Bd7 14.
Re1 axb4 15. axb4 c6 16. c5 dxc5 17. Nc4 Nxb4 18. d6 Qe6 19. Ncxe5 Rfd8 20. Nxd7 Rxd7 21.
e5 Nfd5 22. Ng5 Qg6 23. Qg4 f5 24. Qh4 h6 25. Nh3 Qg4 26. Qxg4 fxg4 27. Nf4 Re8 28.
Nxd5 cxd5 29. Rxb4 cxb4 30. Bxd5+ Kh8 31. Re3 g5 32. h3 gxh3 33. f4 g4 34. Rb3 Kg7 35. Rxb4 Kg6 36. Be4+ Kf7 37. Bf5 Rxd6 38. exd6 Re1+ 39.
Kh2 Re2+ 40. Kh1 Re1+ 41. Kh2 Re2+ 42. Kg1 Re1+ 43. Kf2 h2 44. Rxb7+ Kf6 45. d7 Rf1+ 46. Ke2 Re1+ 47. Kf2 Rf1+ 48. Ke3 Re1+ 49. Kd4 Rd1+ 50. Bd3 Ke7 51. Ke5 h1=Q 52. d8=Q+ Kxd8 53. Be4 Re1 54. Rb8+ Kc7 55. Rb7+ Kc8 56. Kd6 Qxe4 0-1

[Event "*** Titled Tuesday Blitz"]
[Site "Chess.com"]
[Date "2021.02.09"]
[Round "8"]
[White "tan275"]
[Black "LogoCzar"]
[Result "0-1"]
[WhiteElo "2248"]
[BlackElo "2395"]
[TimeControl "180+1"]
[EndTime "11:30:13 PST"]
[Termination "LogoCzar won on time"]

1. d4 c6 2. c4 d5 3. Nc3 Nf6 4. e3 e6 5. Bd3 Nbd7 6. Nge2 dxc4 7. Bxc4 b5 8. Bd3 Bb7 9. O-O a6 10. Ne4 c5 11. Nxc5 Nxc5 12. dxc5 Bxc5 13. a3 O-O 14. b4 Bd6 15. Bb2 Qe7 16. Ng3 Rfd8 17. Nh5 Nxh5 18. Qxh5 Bxh2+ 19. Qxh2 Rxd3 20. Rac1 Rad8 21. Rc7 R3d7 22. Rxd7 Rxd7 23. Rc1 f6 24. Bd4 e5 25. Bc5 Qd8 26. Qh3 Rd1+ 27. Rxd1 Qxd1+ 28. Kh2 Qd5 29. e4 Qc6 30. f3 Bc8 31. Qh4 Be6 32. Qe1 Qd7 33. Qc3 h5 34. Be3 h4 35. Qc5 h3 36.
gxh3 Bxh3 37. Qd5+ Qxd5 38. exd5 Bf1 39. Kg3 Kf7 40.
Bc5 Bc4 41. d6 Be6 42. Kf2 g5 43. Bb6 g4 44. fxg4 Bxg4 45. Ke3 Ke6 46. Bc7 f5 47. Kd3 f4 48. Ke4 Bf5+ 49. Kf3 Kd7 50. Bb8 Bg6 51. Bc7 Be8 52. Bb8 Ke6 53. Ke4 Bc6+ 54. Kd3 Kf5 55. Bc7 Kg4 56. Ke2 e4 57. Kf2 e3+ 58. Ke2 Kg3 59. Bb8 Kg2 0-1

[Event "*** Titled Tuesday Blitz"]
[Site "Chess.com"]
[Date "2021.02.09"]
[Round "8"]
[White "yuki_chess123"]
[Black "guillembaches"]
[Result "0-1"]
[WhiteElo "2288"]
[BlackElo "2425"]
[TimeControl "180+1"]
[EndTime "11:30:14 PST"]
[Termination "guillembaches won by resignation"]

1. d4 Nf6 2. c4 e6 3. Nc3 Bb4 4. Nf3 b6 5. g3 Bxc3+ 6. bxc3 Bb7 7. Bg2 O-O 8. O-O d6 9. a4 a5 10. Qb3 Nbd7 11. Ba3 Qe7 12. Rfd1 Rfd8 13. c5 dxc5 14. c4 Be4 15. Qe3 h6 16. dxc5 Nxc5 17. Bxc5 bxc5 18. Ne5 Bxg2 19. Kxg2 Rxd1 20. Rxd1 Qe8 21.
Qxc5 Qxa4 22. Rd3 Rc8 23. Qe7 Qe8 24. Qxe8+ Rxe8 25. Nc6 a4 26. Ra3 Ra8 27. f3 Nd7 28. e4 Nb6 29. Kf2 Nxc4 30. Ra2 a3 31. Ke2 Ra6 32.
Nd4 e5 33. Nb5 c6 34. Nc3 Rb6 35. Kd3 Nb2+ 36. Kc2 Nc4 37. Kd3 Rb4 38. Nb1 c5 39. Nc3 Nb2+ 40. Kc2 Nc4 41. Nd5 Rb2+ 42. Rxb2 axb2 43.
Nc3 f6 44. Na4 Kf7 45. Nxc5 Ne3+ 46. Kxb2 Nf1 47. Kc3 Nxh2 48. Kd3 Nxf3 49. Ke3 Ng5 50. Nd3 Ne6 51. Nb4 h5 52. Nd5 Nd4 53. Nc7 g5 54. Nd5 Ne6 55. Nc3 Kg6 56. Ne2 Nd4 57. Nxd4 exd4+ 58. Kxd4 h4 59. gxh4 gxh4 60. Ke3 Kg5 61.
Kf3 Kh5 62. Kf4 h3 63. Kg3 Kg5 64. Kxh3 Kf4 65. Kg2 Kxe4 66. Kf1 Kf3 67. Ke1 Kg2 0-1

[Event "*** Titled Tuesday Blitz"]
[Site "Chess.com"]
[Date "2021.02.09"]
[Round "8"]
[White "Maksimus1998"]
[Black "KuzubovYuriy"]
[Result "0-1"]
[WhiteElo "2497"]
[BlackElo "2803"]
[TimeControl "180+1"]
[EndTime "11:30:15 PST"]
[Termination "KuzubovYuriy won by resignation"]

1. d4 c5 2. d5 g6 3. Nc3 Bg7 4. e4 d6 5. Nf3 Nf6 6. Be2 O-O 7. O-O a6 8. a4 e5 9. Nd2 b6 10. Rb1 Nbd7 11. b4 cxb4 12. Rxb4 a5 13. Rb1 Nc5 14.
f3 Rb8 15. Nc4 Ba6 16. Be3 Bxc4 17. Bxc4 Nh5 18. Qd2 f5 19. Rb2 Nf6 20. exf5 gxf5 21. Rfb1 Rc8 22. Rxb6 Nxa4 23. Rc6 Nxc3 24. Qxc3 e4 25.
Bd4 Rb8 26. Rcb6 Rxb6 27. Rxb6 Ng4 28. Rb7 Bxd4+ 29. Qxd4 Ne5 30. f4 Rf7 31. Rb5 Nxc4 32. Qxc4 Rc7 33. Qb3 Qf6 34. Rb8+ Kg7 35. Qg3+ Qg6 36.
Rb6 Qxg3 37. hxg3 Rxc2 38. Rxd6 Rd2 39. Ra6 Rxd5 40. Kf2 h5 41. Ke3 Kf7 42. Rh6 a4 43. Rxh5 Ra5 44. g4 a3 45. Rh1 a2 46. Ra1 Ra3+ 47. Kd4 fxg4 48. Kxe4 Kf6 49. f5 Ra4+ 50.
Ke3 Kxf5 51. Kf2 Kf4 52. g3+ Ke4 53. Ke2 Ra3 54. Kf2 Kd3 0-1

[Event "*** Titled Tuesday Blitz"]
[Site "Chess.com"]
[Date "2021.02.09"]
[Round "8"]
[White "BvsN"]
[Black "Artyom_ChessMate"]
[Result "0-1"]
[WhiteElo "2343"]
[BlackElo "2545"]
[TimeControl "180+1"]
[EndTime "11:30:15 PST"]
[Termination "Artyom_ChessMate won by resignation"]

1. c4 e6 2. Nc3 d5 3. d4 Nf6 4. cxd5 exd5 5. Bg5 c6 6. Qc2 Be7 7. e3 Nbd7 8. Bd3 Nh5 9. Bxe7 Qxe7 10. Nge2 Nb6 11. O-O-O Be6 12. Ng3 Nxg3 13. hxg3 O-O-O 14.
Kb1 Kb8 15. Rc1 g6 16. Na4 Nxa4 17. Qxa4 Bf5 18. Bxf5 gxf5 19. Qc2 Qe4 20. Rh4 Qxc2+ 21. Kxc2 Rd6 22. Rch1 h6 23. Rf4 c5 24. dxc5 Rc8 25. Kd2 Rxc5 26. Rc1 Rb5 27. b3 Ra6 28. Rc2 Rba5 29. a4 Rb6 30. Rc3 d4 31. Rxd4 a6 32. Rd7 f6 33. Rh7 Rd5+ 34. Rd3 Rxd3+ 35. Kxd3 Rxb3+ 36. Ke2 Rb4 37. a5 Rb5 38. Rxh6 Rxa5 39. Rxf6 Rd5 40.
e4 fxe4 41. Ke3 a5 42. Kxe4 Rd7 43. g4 a4 44. Rf3 b5 45. g5 b4 46. g6 a3 47.
Rf8+ Kc7 48. Rf7 a2 49. Rxd7+ Kxd7 50. g7 a1=Q 51. g8=Q Qe1+ 52. Kd3 Qc3+ 53. Ke2 b3 54. Qd5+ Kc7 55. Qf7+ Kb6 56. Qe6+ Kb5 57. Qd5+ Kb4 58.
Qd6+ Ka4 59. Qa6+ Kb4 60. Qb6+ Kc4 61. Qc6+ Kd4 62. Qd6+ Ke4 63. Qe6+ Kf4 64. Qd6+ Kf5 65. Qd5+ Kf6 66. Qd6+ Kf7 67. Qd5+ Ke8 68. Qa8+ Kd7 69. Qd5+ Kc7 70. Qf7+ Kc6 71. Qe6+ Kc5 72. Qc8+ Kb4 73. Qb7+ Ka3 74. Qa6+ Kb2 75. g4 Kc1 76. Qh6+ Kc2 77.
Qg6+ Kc1 78. Qh6+ Kb1 79. Qg6+ Qc2+ 80. Kf3 Qxg6 0-1

[Event "*** Titled Tuesday Blitz"]
[Site "Chess.com"]
[Date "2021.02.09"]
[Round "8"]
[White "sokidze"]
[Black "Chesswizard_2007"]
[Result "0-1"]
[WhiteElo "2525"]
[BlackElo "2681"]
[TimeControl "180+1"]
[EndTime "11:30:16 PST"]
[Termination "Chesswizard_2007 won on time"]

1. e4 g6 2. d4 Bg7 3. Nc3 d5 4. Nxd5 c6 5. Ne3 Qxd4 6. Qxd4 Bxd4 7. Nf3 Bg7 8. c3 e5 9. Nc4 Nd7 10. Bg5 f6 11. Be3 Nh6 12. h3 Nf7 13. O-O-O b6 14. Nd6+ Nxd6 15. Rxd6 Ke7 16. Rxc6 Bb7 17. Rc7 Bxe4 18.
Bb5 Rhd8 19. Rd1 Bf5 20. Nd2 a6 21. Bxd7 Rxd7 22. Rxd7+ Bxd7 23. Nc4 Be6 24. Nxb6 Rb8 25. Bc5+ Kf7 26. b3 Rb7 27. Kb2 f5 28. f3 Rc7 29.
Bf2 e4 30. Bd4 e3 31. f4 Rc6 32. Na4 Rd6 33. Re1 Bxd4 34. cxd4 Rxd4 35. Rxe3 Rxf4 36.
g3 Rf2+ 37. Ka3 g5 38. Nc5 Bc8 39. Re5 Kf6 40. Re8 Rh2 41. Rxc8 Rxh3 42. Rc6+ Ke5 43.
Rxa6 Rxg3 44. Rc6 Kd5 45. Rc8 f4 46. Kb4 f3 47. Rd8+ Kc6 48. Rc8+ Kd6 49. Rd8+ Kc7 50. Ne6+ Kc6 51. Rf8 g4 52. Kc4 Rg2 53. Nd4+ Kd6 54. a4 f2 55. a5 g3 56. a6 Rg1 57.
a7 Ra1 58. Nb5+ Ke7 59. Rf3 g2 60. Rxf2 g1=Q 61. Re2+ Kf6 0-1

[Event "*** Titled Tuesday Blitz"]
[Site "Chess.com"]
[Date "2021.02.09"]
[Round "8"]
[White "C_K_G"]
[Black "NikolasTheiss"]
[Result "0-1"]
[WhiteElo "2110"]
[BlackElo "2327"]
[TimeControl "180+1"]
[EndTime "11:30:19 PST"]
[Termination "NikolasTheiss won on time"]

1. e4 g5 2. Nf3 g4 3. Ne5 h5 4. Bc4 e6 5. h3 d6 6. Nxf7 Kxf7 7. hxg4 Nc6 8. Rxh5 Rxh5 9. gxh5 Qh4 10. Qf3+ Nf6 11. Nc3 Qh1+ 12. Bf1 Qxh5 13. Qxh5+ Nxh5 14. Ne2 e5 15. c3 Bh6 16. d3 Bxc1 17. Rxc1 Be6 18. b3 Rh8 19. g3 Nf6 20. Bg2 Bh3 21. Bf3 Bg4 22.
Ng1 Bxf3 23. Nxf3 Rh1+ 24. Kd2 Rxc1 25. Kxc1 Ng4 26. Ng5+ Kf6 27. Nh7+ Kg7 28. Ng5 Kf6 29. Nh3 Nd8 30. Kd2 Ne6 31. Ke2 Ng5 32. Ng1 Nh6 33. f4 Ne6 34. Kf3 exf4 35. gxf4 Nc5 36. d4 Nd3 37. Ne2 Ne1+ 38. Kf2 Nc2 39. Kg3 Na3 40.
c4 Nc2 41. e5+ Kg6 42. d5 Nf5+ 43. Kf3 Nfd4+ 44. Nxd4 Nxd4+ 45. Ke4 Nf5 46. b4 Ng3+ 47. Kf3 Nh5 48. Kg4 Ng7 49. c5 Ne8 50. cxd6 cxd6 51. f5+ Kf7 52. e6+ Kf6 53. Kf4 Nc7 54. Ke4 Ke7 55. Kd4 Kf6 56. Ke4 Nb5 57. a4 Nc3+ 58.
Kd4 Nxa4 59. Kc4 a6 60. b5 Nb6+ 0-1

[Event "*** Titled Tuesday Blitz"]
[Site "Chess.com"]
[Date "2021.02.09"]
[Round "8"]
[White "DrVelja"]
[Black "Fusikk"]
[Result "1-0"]
[WhiteElo "2828"]
[BlackElo "2631"]
[TimeControl "180+1"]
[EndTime "11:30:20 PST"]
[Termination "DrVelja won on time"]

1. e4 c6 2. c4 d5 3. exd5 cxd5 4. d4 Nf6 5. Nc3 e6 6. Nf3 Bb4 7. cxd5 Nxd5 8. Bd2 Nc6 9. Bd3 Be7 10. O-O O-O 11.
Re1 Bf6 12. Ne4 Nxd4 13. Nxf6+ Qxf6 14. Ne5 Nc6 15. Ng4 Qe7 16. Qf3 f5 17. Ne5 Nxe5 18. Rxe5 Qf6 19. Rae1 Bd7 20. h4 Rae8 21. h5 Bc6 22. Qe2 Bd7 23. h6 gxh6 24. Qh5 Qg6 25. Qh4 Bc6 26. f3 Kf7 27. Kf2 Rg8 28. g4 Nf6 29.
Bxh6 Bxf3 30. Kxf3 Nxg4 31. Rxf5+ Nf6 32. Rxf6+ Qxf6+ 33.
Qxf6+ Kxf6 34. Be3 h5 35. Ke2 e5 36. Rf1+ Ke7 37.
Be4 h4 38. Bc5+ Ke6 39. Bxa7 h3 40. Bf5+ Kd5 41. Bxh3 Rg3 42. Bf5 Ra8 43. Be3 Rxa2 44. Rd1+ Kc6 45. Rc1+ Kb5 46. Bd7+ Kb4 47. Bc5+ Kb3 48.
Be6+ Kxb2 49. Rd1 Ra6 50. Bf2 Rg2 51. Bc4 Rf6 52. Rf1 Kc3 53. Bd5 b5 54. Bxg2 b4 55.
Bd4+ Kc4 56. Rxf6 exd4 57. Bh3 Kb3 58. Be6+ Kb2 59. Kd3 b3 60. Rf2+ 1-0

[Event "*** Titled Tuesday Blitz"]
[Site "Chess.com"]
[Date "2021.02.09"]
[Round "8"]
[White "Das_Virus_2020"]
[Black "FMJoseHerrera"]
[Result "0-1"]
[WhiteElo "2446"]
[BlackElo "2588"]
[TimeControl "180+1"]
[EndTime "11:30:20 PST"]
[Termination "FMJoseHerrera won by resignation"]

1. e4 c5 2. c3 Qa5 3. Na3 e6 4. Nc4 Qc7 5. Ne3 a6 6. d4 d6 7. g3 b6 8. Bg2 Bb7 9. Ne2 Nf6 10. d5 e5 11. a4 Nbd7 12. O-O Be7 13. Nf5 Bf8 14.
h3 g6 15. Ne3 Bg7 16. b4 O-O 17. Nc4 cxb4 18. Qb3 bxc3 19. Ba3 Nc5 20. Qxb6 Qxb6 21. Nxb6 Ncxe4 22. Nxa8 Bxa8 23. Rac1 Rc8 24. Nxc3 Nxc3 25. Rc2 Nfxd5 26. Bb2 e4 27. Rfc1 f5 28. Bf1 Bd4 29.
Bxa6 Rc7 30. Bf1 Kg7 31. Kg2 Kf6 32. Ba3 Ke5 33. a5 Ra7 34. a6 Bc6 35. Re1 Ba4 36.
Rd2 Nb5 37. Bb2 Bxb2 38. Rxb2 Ndc3 39. Rb4 Rxa6 40. f4+ Ke6 41. Bxb5 Nxb5 42. Ra1 Nc3 43. Ra3 Rc6 44. Rd4 Nb5 45. Raxa4 Nxd4 46. Rxd4 Rc2+ 47.
Kf1 d5 48. Ra4 Kd6 49. Ra5 d4 50. Rb5 e3 51. Re5 Rf2+ 52. Ke1 Rf3 53. Ke2 Rxg3 54. Kd3 Rxh3 55. Kxd4 Rf3 56. Kd3 Rxf4 57. Rxe3 h5 58. Re8 h4 59. Rg8 Rg4 60. Rh8 Ke5 0-1

[Event "*** Titled Tuesday Blitz"]
[Site "Chess.com"]
[Date "2021.02.09"]
[Round "8"]
[White "rachidhuilda"]
[Black "Problematique_99"]
[Result "1-0"]
[WhiteElo "2319"]
[BlackElo "2447"]
[TimeControl "180+1"]
[EndTime "11:30:20 PST"]
[Termination "rachidhuilda won by resignation"]

1. d4 Nf6 2. Bg5 e6 3. e4 h6 4. Bxf6 Qxf6 5. c3 d6 6. Nd2 Nd7 7. Bd3 g5 8. Ne2 Bg7 9. Ng3 Qe7 10. Nh5 Bf8 11. Qe2 Nf6 12. Nxf6+ Qxf6 13. e5 Qe7 14. exd6 cxd6 15. Bb5+ Bd7 16. Ne4 Bg7 17. Bxd7+ Qxd7 18. h4 O-O-O 19. hxg5 hxg5 20. O-O-O g4 21. Ng3 f5 22. Rxh8 Rxh8 23. Re1 Re8 24. Nxf5 Bf6 25. Ne3 Bg5 26.
Qxg4 Rg8 27. Qe4 d5 28. Qf3 Qh7 29. Qe2 Qe4 30. g3 Kb8 31. f3 Qh7 32. f4 Bh6 33. Ng4 Rg6 34. Nxh6 Qxh6 35. Qe3 a6 36. f5 exf5 37.
Qxh6 Rxh6 38. Re5 Rh3 39. Rxf5 Rxg3 40. Rxd5 Kc7 41. a4 Rg2 42. Re5 Kc6 43. c4 b6 44.
Re6+ Kc7 45. d5 Rg4 46. b3 Rg2 47. Re1 Rh2 48. Rd1 Kd6 49. Rd2 Rh3 50. Kc2 Rg3 51. Re2 Rh3 52. Re6+ Kc7 53. Rc6+ Kb7 54. Re6 Kc7 55.
Re2 Rg3 56. Rd2 Kd6 57. Rd3 Rg2+ 58. Kc3 Rg1 59. Re3 Kc5 60. Rd3 Kd6 61. Kb4 Rb1 62. a5 bxa5+ 63. Kxa5 Kc5 64. Kxa6 Ra1+ 65. Kb7 Rh1 66. d6 Rh3 67. Rxh3 1-0

[Event "*** Titled Tuesday Blitz"]
[Site "Chess.com"]
[Date "2021.02.09"]
[Round "8"]
[White "swisspower96"]
[Black "Fandorine"]
[Result "0-1"]
[WhiteElo "2677"]
[BlackElo "2849"]
[TimeControl "180+1"]
[EndTime "11:30:22 PST"]
[Termination "Fandorine won by resignation"]

1. d4 Nf6 2. c4 g6 3. Nc3 Bg7 4. e4 d6 5. h3 O-O 6. Be3 Na6 7. g4 c6 8. Bg2 Nc7 9. Nge2 e5 10. Qd2 b5 11. cxb5 cxb5 12. a3 Bb7 13. O-O a6 14. Rfd1 Ne6 15. dxe5 dxe5 16. Nd5 Rc8 17. Qb4 Nxd5 18. exd5 Nd4 19. Nxd4 exd4 20. Bxd4 Rc4 21. Bxg7 Rxb4 22. Bxf8 Rxb2 23. Bh6 Re2 24. Be3 f5 25. gxf5 gxf5 26. Rac1 Qd6 27. Bf3 Rxe3 28. fxe3 Qg3+ 29. Bg2 Bxd5 30. Rc2 Qxe3+ 31. Kh1 Qxh3+ 32.
Kg1 Qe3+ 33. Kh1 Bc4 34. Rcd2 Kg7 35. Rd7+ Kf6 36. R1d6+ Kg5 37. Rg7+ Kf4 38. Rxh7 Qe1+ 39. Kh2 Qe5 40. Rdh6 Kg5+ 41. Kg1 Qe1+ 42. Kh2 Qe5+ 43. Kg1 Qc5+ 44. Kh2 Qxa3 45. Rh5+ Kf6 46. R7h6+ Ke5 47. Rh3 Qc1 48. Rh8 Qf4+ 49. Kg1 Qd4+ 50. Kh2 Qf4+ 51. Kg1 Kd6 52. R3h6+ Kc5 53. Rc6+ Kb4 54. Ra8 a5 55. Rca6 Qd4+ 56. Kh2 Qh4+ 57. Kg1 a4 58. Rg8 Qd4+ 59. Kh2 Qe5+ 60. Kg1 f4 61. Rf8 Qc5+ 0-1

[Event "*** Titled Tuesday Blitz"]
[Site "Chess.com"]
[Date "2021.02.09"]
[Round "8"]
[White "xberli"]
[Black "Ekose"]
[Result "0-1"]
[WhiteElo "2460"]
[BlackElo "2603"]
[TimeControl "180+1"]
[EndTime "11:30:22 PST"]
[Termination "Ekose won on time"]

1. Nf3 Nf6 2. g3 b6 3. Bg2 Bb7 4. O-O e6 5. a4 a5 6. d4 Be7 7. c3 O-O 8. Na3 d6 9. Bg5 Nbd7 10. Qc1 Re8 11. Rd1 h6 12. Bf4 Bf8 13. Bh3 Bxf3 14. exf3 e5 15. dxe5 Nxe5 16. Bg2 d5 17. Qc2 Bc5 18.
Nb5 c6 19. Nd4 Rc8 20. Re1 Nc4 21. Rad1 Rxe1+ 22. Rxe1 Bxd4 23. cxd4 c5 24. Bh3 Rc6 25. dxc5 Rxc5 26. b3 Ne5 27. Qd1 Ng6 28. Be3 Rc6 29.
Bd4 Nf8 30. f4 Ne6 31. Bxf6 Qxf6 32. Qxd5 Nc5 33. Kg2 Rd6 34. Re8+ Kh7 35. Qf5+ Qxf5 36. Bxf5+ g6 37. Bg4 Nxb3 38. Re7 Kg7 39. f5 Nc5 40.
fxg6 Kxg6 41. h4 Nxa4 42. h5+ Kg7 43. Be2 Nc5 44. Bc4 Rf6 45. f4 a4 46. Kf3 a3 47. Ra7 Ne6 48. Rxa3 Nd4+ 49. Ke4 Nc6 50. Ra6 Na5 51. Bd5 Rd6 52. Ra7 Rf6 0-1

[Event "*** Titled Tuesday Blitz"]
[Site "Chess.com"]
[Date "2021.02.09"]
[Round "8"]
[White "TeukkaSalama"]
[Black "ecwinslow"]
[Result "1/2-1/2"]
[WhiteElo "2376"]
[BlackElo "2266"]
[TimeControl "180+1"]
[EndTime "11:30:22 PST"]
[Termination "Game drawn - timeout vs insufficient material"]

1. d4 Nf6 2. Bf4 g6 3. e3 Bg7 4. Nf3 O-O 5. Be2 d6 6. h3 c5 7.
c3 Be6 8. dxc5 dxc5 9. Nbd2 Qb6 10. Qc2 Nc6 11. O-O Rad8 12. Rfd1 Na5 13. Ng5 Bd5 14. e4 h6 15. exd5 hxg5 16. Bxg5 Rxd5 17. Be3 Qc7 18.
Nc4 Rfd8 19. Rxd5 Nxd5 20. Bd2 Nc6 21. Re1 b5 22. Ne3 a6 23. Bf3 Nf4 24. Qe4 Na5 25. Bc1 Nd3 26. Rd1 c4 27. Nd5 Qd6 28. Nxe7+ Kf8 29. Bg5 Bf6 30. Bxf6 Qxf6 31. Nd5 Qe5 32. Qxe5 Nxe5 33. Ne3 Rxd1+ 34. Bxd1 Nb7 35. Be2 Nc5 36. Kf1 Ned3 37. Nd1 Nc1 38. a3 Ke7 39. Ke1 Kd6 40. Kd2 N1d3 41. g3 f5 42. f4 Ne4+ 43. Ke3 Nxg3 44.
Bxd3 cxd3 45. Kxd3 Kc5 46. b4+ Kd6 47. c4 bxc4+ 48. Kxc4 Nh5 49. Nf2 Nxf4 50. a4 Kc6 51.
b5+ axb5+ 52. axb5+ Kb6 53. h4 Ng2 54. Nd3 Nxh4 55. Ne5 g5 56. Nd7+ Kc7 57. Nc5 f4 58. Ne6+ Kb6 59. Nxg5 f3 60. Ne4 Nf5 61. Kb4 Nd4 62. Nf2 Nxb5 63. Nd3 Nd4 64. Kc4 1/2-1/2